 Dungeon Crawl Stone Soup version 0.22.1-1-ga44c0e56f4 (webtiles) character file.

501 Nebulos the Magician (level 6, -11/29 HPs)
             Began as a Deep Elf Fire Elementalist on Sept 21, 2018.
             Killed by divine providence
             ... invoked by an orc priest
              (14 damage)
             ... on level 4 of the Dungeon.
             The game lasted 00:13:57 (3827 turns).

Nebulos the Magician (Deep Elf Fire Elementalist)   Turns: 3827, Time: 00:13:57

Health: -11/29     AC:  5    Str:  5    XL:     6   Next: 95%
Magic:  26/26      EV: 14    Int: 22    God:
Gold:   136        SH:  0    Dex: 15    Spells: 2/18 levels left

rFire    . . .     SeeInvis .   h - +0 whip (elec)
rCold    . . .     Gourm    .   (no shield)
rNeg     . . .     Faith    .   a - +0 robe
rPois    .         Spirit   .   (no helmet)
rElec    .         Reflect  .   (no cloak)
rCorr    .         Harm     .   (no gloves)
MR       .....                  (no boots)
Stlth    ++........             k - amulet of the acrobat
HPRegen  0.09/turn              d - +1 ring of protection
MPRegen  0.20/turn              f - ring of magical power

@: no status effects
A: hooves 1, iridescent scales 1, frail 1
a: no special abilities


You were on level 4 of the Dungeon.
You were near starving.

You visited 1 branch of the dungeon, and saw 6 of its levels.
You also visited: Ossuary.

You collected 136 gold pieces.

Inventory:

Hand Weapons
 b - a +0 spear
 h - a +0 whip of electrocution (weapon)
 o - a +1 dagger of draining
Armour
 a - a +0 robe (worn)
Jewellery
 d - a +1 ring of protection (left hand)
 f - a ring of magical power (right hand)
 k - an amulet of the acrobat (around neck)
 l - an uncursed ring of flight
 p - a +5 amulet of reflection
Scrolls
 g - a scroll of magic mapping
 s - a scroll of immolation
 t - a scroll of remove curse
Potions
 e - a potion of mutation
 m - a potion of lignification {unknown}
 r - a potion of invisibility {unknown}


   Skills:
 + Level 0.4 Fighting
 + Level 3.5 Dodging
 - Level 2.4 Stealth
 * Level 6.7 Spellcasting
 * Level 4.1 Conjurations
 + Level 4.9 Fire Magic


You had 2 spell levels left.
You knew the following spells:

 Your Spells              Type           Power        Failure   Level  Hunger
a - Flame Tongue          Conj/Fire      ####.        1%          1    None
b - Conjure Flame         Conj/Fire      ####....     3%          3    #......
c - Sticky Flame          Conj/Fire      ####....     13%         4    ###....
d - Fireball              Conj/Fire      ####......   34%         5    #####..
e - Mephitic Cloud        Conj/Pois/Air  ##......     14%         3    #......

Your spell library contained the following spells:

 Spells                   Type           Power        Failure   Level  Hunger
 Throw Flame              Conj/Fire      ####..       1%          2    None
 Sting                    Conj/Pois      ###.         3%          1    None
 Poisonous Vapours        Pois/Air       #.....       13%         2    None
 Inner Flame              Hex/Fire       ###.....     9%          3    #......
 Olgreb's Toxic Radiance  Pois           #.......     63%         4    ###....
 Venom Bolt               Conj/Pois      ###.......   69%         5    #####..


Dungeon Overview and Level Annotations

Branches:
Dungeon (6/15)
 Temple: D:4-7

Altars:
Nemelex Xobeh
The Shining One

Annotations:
D:2 Sigmund, Sigmund
D:5 Blork the orc


Innate Abilities, Weirdness & Mutations

You have large cloven feet.
You are partially covered in iridescent scales. (AC +2)
You are frail. (-10% HP)


Message History

Press: ? - help, Shift-Dir - straight line, f - orc wizard
Aim: an orc wizard, wielding a dagger and wearing a robe The sticky flame hits the orc wizard.
The orc wizard is moderately wounded.
The orc wizard is covered in liquid flames!
The orc wizard burns!
The orc wizard misses you.
The orc wizard burns!
You closely miss the orc wizard. Your kick misses the orc wizard.
The orc wizard is severely wounded.
The orc wizard burns!
The orc wizard casts a spell at you. The puff of frost misses you.
The orc priest mumbles some strange prayers to Beogh against you.
Beogh smites you!
* * * LOW HITPOINT WARNING * * *
It was a potion of magic.
Magic courses through your body.
The orc wizard burns!
The orc wizard misses you.
The orc priest invokes the aid of Beogh against you.
Beogh smites you!
You die...

..# #..# .....# #..#
....#######..#
............#
#..########.# #....
#.# #...## #.#
#....# ##.# #.o@.#
.##.#
#o######.##.########
#........##.#.......
######......##
#.#.#####.
......'......#
#.#.#.#...
...####......#
#.#.#.#.##
...........##
#.#.#.#.#
..o........#
#.#...#.#
...........#
#.###.#.#


You could see an orc priest and an orc wizard (burning).

Vanquished Creatures
  A phantom (D:4)
  A centaur (D:5)
  A scorpion (D:4)
  A quasit (D:5)
  A centaur skeleton (D:5)
  An orc wizard (D:6)
  2 worker ants
  3 mummies (Ossuary)
  4 adders (D:3)
  An adder skeleton (D:6)
  3 worms
  3 dart slugs (D:1)
  5 orcs
  4 giant cockroaches
  A gnoll zombie (Ossuary)
  9 goblins
  4 hobgoblins
  A quokka (D:3)
  4 bats
  3 frilled lizards
  A goblin skeleton (D:5)
  2 goblin zombies
  9 hobgoblin zombies
  A jackal zombie (D:3)
  5 kobolds
  A kobold skeleton (D:5)
  A kobold zombie (Ossuary)
  2 orc zombies
  4 rats
79 creatures vanquished.

Notes
Turn   | Place    | Note
-------+----------+-------------------------------------------
     0 | D:1      | Nebulos the Deep Elf Fire Elementalist began the quest for
                  | the Orb.
     0 | D:1      | Reached XP level 1. HP: 10/10 MP: 6/6
   110 | D:1      | Reached XP level 2. HP: 5/15 MP: 0/8
   600 | D:1      | Reached XP level 3. HP: 19/19 MP: 5/10
   738 | D:2      | Noticed Sigmund
   850 | D:2      | Learned a level 3 spell: Conjure Flame
   886 | D:3      | Reached skill level 4 in Spellcasting
  1160 | D:3      | Found a sparkling altar of Nemelex Xobeh.
  1197 | D:3      | Reached XP level 4. HP: 22/24 MP: 10/12
  1224 | D:3      | Learned a level 4 spell: Sticky Flame
  1749 | D:4      | Gained mutation: You are frail. (-10% HP) [potion of
                  | mutation]
  1749 | D:4      | Gained mutation: You have large cloven feet. [potion of
                  | mutation]
  1749 | D:4      | Gained mutation: You are partially covered in iridescent
                  | scales. (AC +2) [potion of mutation]
  1749 | D:4      | HP: 1/21 [poisoned by a worker ant]
  1756 | D:4      | Found a sand-covered staircase.
  1780 | D:3      | Reached XP level 5. HP: 11/25 MP: 9/14
  2119 | D:3      | Learned a level 5 spell: Fireball
  2204 | Ossuary  | Entered an ossuary
  2204 | Ossuary  | Noticed a wraith
  2204 | Ossuary  | Noticed a wraith
  2204 | Ossuary  | Noticed a wraith
  2613 | Ossuary  | Reached skill level 5 in Spellcasting
  2820 | Ossuary  | Noticed a wraith
  2826 | Ossuary  | HP: 1/25 [wraith (15)]
  3230 | D:4      | Noticed a phantom
  3244 | D:5      | Entered Level 5 of the Dungeon
  3265 | D:5      | Found a glowing golden altar of the Shining One.
  3356 | D:5      | Noticed a centaur
  3363 | D:5      | Killed a centaur
  3363 | D:5      | Reached XP level 6. HP: 17/29 MP: 7/16
  3370 | D:5      | Noticed Blork the orc
  3370 | D:5      | Reached skill level 6 in Spellcasting
  3542 | D:6      | Learned a level 3 spell: Mephitic Cloud
  3827 | D:4      | Killed from afar by an orc priest

Skill      XL: |  1  2  3  4  5  6 |
---------------+-------------------+-----
Spellcasting   | 4 5 6 |  6.7
Fire Magic     | 4 |  4.9
Conjurations   | 2 3 4 |  4.1
Dodging        | 3 |  3.5
Fighting       | |  0.4
Stealth        | |  2.4

Action                   |  1- 3 |  4- 6 || total
-------------------------+-------+-------++-------
Melee: Spear             |    16 |       ||    16
       Whip              |    12 |    50 ||    62
       Dagger            |       |     5 ||     5
       Kick              |       |    10 ||    10
 Cast: Flame Tongue      |    41 |    69 ||   110
       Sticky Flame      |       |    20 ||    20
  Use: Potion            |       |     6 ||     6
       Scroll            |       |     5 ||     5
 Stab: Sleeping          |     3 |     1 ||     4
  Eat: Chunk             |     1 |     3 ||     4
       Ration            |       |     2 ||     2
Armor: Robe              |     9 |    25 ||    34
Dodge: Dodged            |    28 |   122 ||   150
